 Dungeon Crawl Stone Soup version 0.24-a0-630-g0d56a851f4 (webtiles) character file.

Game seed: 102909973600227621, levelgen mode: deterministic

165623 Peloso the Hoplite (level 17, -13/156 HPs)
             Began as a Minotaur Fighter on Sept 20, 2019.
             Was the Champion of Okawaru.
             Mangled by a merfolk impaler
             ... wielding a +5 trident of piercing
              (14 damage)
             ... on level 4 of the Shoals.
             The game lasted 01:17:03 (28863 turns).

Peloso the Hoplite (Minotaur Fighter)              Turns: 28863, Time: 01:17:04

Health: -13/156    AC: 26    Str: 35    XL:     17   Next: 28%
Magic:  18/18      EV: 12    Int:  8    God:    Okawaru [******]
Gold:   575        SH: 31    Dex: 22    Spells: 16/16 levels left

rFire    x . .     SeeInvis .   a - +5 double sword of the Chickpea {vamp, MR- Int+3 Dex+10}
rCold    + + +     Gourm    .   c - +1 large shield {AC+3}
rNeg     + + +     Faith    .   v - +0 plate armour
rPois    .         Spirit   .   U - +2 hat
rElec    .         Reflect  +   Q - scarf {cloud immunity}
rCorr    .         Harm     .   D - +1 pair of gloves {archery}
MR       .....                  y - +0 pair of boots of Summer {*Drain rN++ Str+4}
Stlth    ..........             K - +3 amulet of reflection
HPRegen  0.36/turn              E - +2 ring of strength
MPRegen  0.16/turn              J - ring of the Final Decision {rF- rC+++ rN+ Str+3}

@: mesmerised, slowed, glowing, very slow
A: retaliatory headbutt, horns 2
a: Heroism, Finesse, Renounce Religion


You were on level 4 of the Shoals.
You worshipped Okawaru.
Okawaru was exalted by your worship.
You were hungry.

You visited 5 branches of the dungeon, and saw 28 of its levels.
You also visited: Ice Cave.

You collected 2636 gold pieces.
You spent 2061 gold pieces at shops.

Inventory:

Hand Weapons
 a - the +5 double sword of the Chickpea (weapon) {vamp, MR- Int+3 Dex+10}
   (Okawaru gifted it to you on level 10 of the Dungeon)

   It inflicts no extra harm, but heals its wielder when it wounds a living foe.
   It affects your intelligence (+3).
   It affects your dexterity (+10).
   It affects your resistance to hostile enchantments.
 b - the +2 double sword "Acarine's Curse" {flame, Int+5}
   (Okawaru gifted it to you on level 2 of the Orcish Mines)

   It has been specially enchanted to burn those struck by it, causing extra
   injury to most foes and up to half again as much damage against particularly
   susceptible opponents.
   Big, fiery blades are also staple armaments of hydra-hunters.
   It affects your intelligence (+5).
 S - the +5 lajatang of Amorality {drain, rF- rN+ Str+4, unknown}
   (You found it on level 3 of the Shoals)

   A truly terrible weapon, it drains the life of those it strikes.
   It affects your strength (+4).
   It makes you vulnerable to fire.
   It protects you from negative energy.
Armour
 c - a +1 large shield of protection (worn)
 v - a +0 plate armour (worn)
 y - the +0 pair of boots of Summer (worn) {*Drain rN++ Str+4}
   (Okawaru gifted it to you on level 13 of the Dungeon)

   It affects your strength (+4).
   It greatly protects you from negative energy.
   It causes draining when unequipped.
 D - a +1 pair of gloves of archery (worn)
 I - the +1 plate armour of Neteor {*Slow +Blink +Inv MP+9}
   (You bought it in a shop on level 3 of the Shoals)

   It affects your magic capacity (+9).
   It lets you turn invisible.
   It lets you blink.
   It may slow you when you take damage.
 Q - a scarf of cloud immunity (worn)
 R - a +1 pair of boots of stealth
 U - a +2 hat (worn)
Jewellery
 k - an uncursed ring of resist corrosion
 o - the ring of Akuadont {Fire MR++ MP-9 Int+3}
   (You found it on level 2 of the Shoals)

   [ring of fire]

   It enhances your fire magic.
   It affects your intelligence (+3).
   It protects you from fire.
   It makes you vulnerable to cold.
   It affects your resistance to hostile enchantments.
   It affects your magic capacity (-9).
 w - an uncursed ring of ice {unknown}
 x - an uncursed ring of protection from fire
 A - an uncursed ring of protection from cold {unknown}
 B - an uncursed ring of see invisible
 C - a +4 ring of dexterity
 E - a +2 ring of strength (left hand)
 J - the ring of the Final Decision (right hand) {rF- rC+++ rN+ Str+3}
   (You found it on level 14 of the Dungeon)

   [ring of positive energy]

   It affects your strength (+3).
   It makes you vulnerable to fire.
   It renders you almost immune to cold.
   It protects you from negative energy.
 K - a +3 amulet of reflection (around neck)
 N - an uncursed ring of protection from magic
Wands
 d - a wand of digging (9)
 q - a wand of paralysis (15)
 r - a wand of random effects (25)
 t - a wand of disintegration (11)
 u - a wand of iceblast (8)
Scrolls
 e - 3 scrolls of teleportation
 g - 4 scrolls of fog
 h - 3 scrolls of magic mapping
 i - 5 scrolls of fear
 j - 9 scrolls of remove curse
 m - 3 scrolls of noise
 n - 6 scrolls of amnesia
 z - 3 scrolls of identify
 F - a scroll of silence
 V - 3 scrolls of blinking
Potions
 l - 3 potions of berserk rage
 p - a potion of cancellation
 s - 6 potions of curing
 G - 4 potions of might
 H - 4 potions of agility
 L - 2 potions of resistance
 O - 4 potions of flight
 P - a potion of haste
 T - a potion of brilliance
 W - 2 potions of heal wounds
Comestibles
 f - 62 rations


   Skills:
 + Level 15.5 Fighting
 + Level 18.6 Long Blades
 + Level 14.9 Armour
 + Level 4.8 Dodging
 + Level 2.0 Stealth
 + Level 21.4 Shields
 + Level 2.8 Invocations
 + Level 0.6 Evocations


You had 16 spell levels left.
You didn't know any spells.
Your spell library contained the following spells:

 Spells                   Type           Power        Failure   Level  Hunger
 Shock                    Conj/Air       #...         96%         1    ##.....
 Poisonous Vapours        Pois/Air       #.....       99%         2    ###....
 Swiftness                Chrm/Air       #.......     99%         2    ###....
 Conjure Flame            Conj/Fire      #.......     100%        3    ####...
 Ignite Poison            Fire/Tmut/Pois #.......     100%        3    ####...
 Mephitic Cloud           Conj/Pois/Air  #.......     100%        3    ####...
 Static Discharge         Conj/Air       #.......     100%        3    ####...
 Airstrike                Air            #.........   100%        4    #####..
 Ice Form                 Ice/Tmut       #.......     100%        4    #####..
 Fireball                 Conj/Fire      #.........   100%        5    ######.
 Lightning Bolt           Conj/Air       #.........   100%        5    ######.
 Metabolic Englaciation   Hex/Ice        #.........   100%        5    ######.
 Bolt of Cold             Conj/Ice       #.........   100%        6    #######
 Bolt of Fire             Conj/Fire      #.........   100%        6    #######
 Freezing Cloud           Conj/Ice/Air   #.........   100%        6    #######
 Ozocubu's Refrigeration  Ice            #.........   100%        6    #######
 Simulacrum               Ice/Necr       #.........   100%        6    #######
 Ring of Flames           Chrm/Fire      #.........   100%        7    #######
 Ignition                 Fire           #.........   100%        8    #######
 Shatter                  Erth           #.........   100%        9    #######
 Tornado                  Air            #.........   100%        9    #######


Dungeon Overview and Level Annotations

Branches:
Dungeon (15/15)            Temple (1/1) D:6            Lair (6/6) D:10
 Shoals (4/4) Lair:2        Snake (0/4) Lair:4        Slime (0/5) Lair:5
    Orc (2/2) D:11            Elf (0/3) Orc:2        Vaults (0/5) D:13
 Depths (0/5) D:15          IceCv (visited)

Altars:
Ashenzari
Cheibriados
Gozag
Hepliaklqana
Kikubaaqudgha
Makhleb
Nemelex Xobeh
Okawaru
Ru
Sif Muna
Trog
Vehumet
Xom
Beogh

Shops:
D:7 *   Orc:2 (?}?   Shoals:3 [

Portals:
Pandemonium: Orc:2

Annotations:
Lair:1 1 runed translucent door, opiumtea's ghost, journeyman MfSk


Innate Abilities, Weirdness & Mutations

You reflexively headbutt those who attack you in melee.
You have a pair of horns on your head.


Message History

You block the merfolk's attack.
The faun shoots a stone.
You reflect the stone off an invisible shield around you!
The stone hits the faun!
You hear a splash.
You block the merfolk's attack. The merfolk completely misses you.
The faun shoots a sling bullet.
The sling bullet hits you!
* * * LOW HITPOINT WARNING * * *
The merfolk impaler hits you from afar with a +5 trident of piercing.
* * * LOW HITPOINT WARNING * * *
x2 You block the merfolk's attack.
The merfolk siren chants its luring song.
The merfolk hits you but does no damage.
The sea snake bites you but does no damage.
The merfolk barely misses you.
The faun shoots a stone.
You reflect the stone off an invisible shield around you!
The stone hits the faun!
The faun dies!
You hear a splash. x3
The merfolk impaler hits you from afar with a +5 trident of piercing!
You die...

≈≈≈...(
.≈≈≈..(..
.≈≈≈≈≈)≈≈
###..≈≈≈c(≈
##....≈≈≈≈≈≈
#..)...≈≈≈≈≈
#.≈[mm.≈≈C≈≈
#.≈.)≈.....≈
#...@Sm....≈
........≈mC...≈
......(mmm..SS.≈
##.........##'##
######...## .#
##..# . #..#
'..#


You could see a merfolk impaler, 3 sea snakes, 5 merfolk, a faun, 2 cyclopes and
a merfolk siren.

Vanquished Creatures
  Jorgrun (D:13)
  The ghost of Peloso the Fencer, an adept MiFi of Okawaru (Shoals:2)
  2 orc warlords (Orc:2)
  2 ettins (Orc:2)
  A merfolk javelineer (Shoals:3)
  2 blizzard demons (IceCv)
  2 merfolk impalers
  A yaktaur captain (D:14)
  A merfolk avatar (Shoals:1)
  2 centaur warriors
  7 hydras
  7 merfolk aquamancers
  An ogre mage (D:13)
  A queen ant (Lair:3)
  8 two-headed ogres
  A satyr (Shoals:3)
  4 death yaks (Lair:6)
  5 orc high priests (Orc:2)
  A soul eater (Orc:2)
  The ghost of bmj180 the Geomancer, a novice GrEE of Sif Muna (D:8)
  Urug (Lair:1)
  18 sea snakes
  4 skeletal warriors
  A gelid demonspawn (Orc:2)
  2 torturous demonspawn (Orc:2)
  4 unseen horrors
  6 orc knights
  24 harpies
  14 fauns
  8 orc sorcerers (Orc:2)
  A deep elf mage (D:8)
  9 ugly things (D:15)
  6 manticores
  15 elephants
  2 oklob plants (Shoals:2)
  4 cyclopes
  3 water nymphs
  5 black mambas
  7 merfolk sirens
  A guardian serpent (shapeshifter) (D:15)
  An ice statue (IceCv)
  20 spiny frogs
  3 gargoyles
  A rime drake (Lair:4)
  6 yaktaurs
  3 freezing wraiths (IceCv)
  A kobold demonologist (D:14)
  2 tengu conjurers
  3 anaconda simulacra (IceCv)
  10 komodo dragons
  2 hellwings (Orc:2)
  A golden dragon simulacrum (IceCv)
  5 ice devils (IceCv)
  A jumping spider (shapeshifter) (D:15)
  14 merfolk
  5 trolls
  2 queen bees
  A red devil (Orc:2)
  6 meliai
  A troll (shapeshifter) (D:14)
  A wind drake (Shoals:1)
  7 dream sheep
  4 tyrant leeches (Lair:6)
  3 hornets
  30 blink frogs
  6 snapping turtles
  13 slime creatures
  20 hippogriffs
  A hippogriff (shapeshifter) (D:15)
  A shadow (D:15)
  A ynoxinul (Orc:2)
  22 yaks
  8 water elementals
  A vampire (D:15)
  5 wyverns
  2 dire elephant simulacra (IceCv)
  A hog (shapeshifter) (D:15)
  4 basilisks
  A two-headed ogre zombie (D:11)
  18 vampire mosquitoes
  3 hungry ghosts
  An iron troll simulacrum (IceCv)
  A warg (Orc:2)
  5 harpy simulacra (IceCv)
  4 nagas (Lair:4)
  15 soldier ants
  3 hydra simulacra (IceCv)
  3 acid dragons
  10 water moccasins
  11 porcupines
  4 ice beasts
  39 orc warriors
  A necrophage (D:10)
  4 ettin simulacra (IceCv)
  An eye of draining (D:15)
  An alligator simulacrum (IceCv)
  2 black bears
  2 phantoms
  3 sky beasts
  11 ogres
  9 centaurs
  13 wolves
  4 boggarts (D:15)
  12 crocodiles
  2 big kobolds
  34 bullfrogs
  A gnoll sergeant (D:10)
  2 wyvern skeletons (D:13)
  5 scorpions
  A water moccasin skeleton (D:11)
  2 troll zombies (D:11)
  36 killer bees
  4 wights
  3 electric eels
  4 howler monkeys
  2 bullfrog zombies
  A centaur zombie (D:12)
  9 crimson imps
  5 hounds
  7 jellies
  A gnoll shaman (D:6)
  4 draconian simulacra (IceCv)
  21 orc priests
  3 iguanas
  4 bullfrog skeletons
  8 centaur skeletons
  18 orc wizards
  A spriggan simulacrum (IceCv)
  34 worker ants
  4 troll simulacra (IceCv)
  6 hell rats (Lair:4)
  2 wolf simulacra (IceCv)
  5 ogre zombies (D:11)
  A hound zombie (D:7)
  2 worker ant zombies (D:9)
  13 gnolls
  A naga simulacrum (IceCv)
  5 adders
  4 ogre simulacra (IceCv)
  7 shadow imps
  9 white imps (IceCv)
  3 ufetubi (IceCv)
  An ooze (D:3)
  3 adder skeletons
  3 dart slugs
  7 leopard geckos
  100 orcs
  11 giant cockroaches
  7 hobgoblins
  10 jackals
  4 quokkas
  A ball python (D:1)
  11 bats
  7 frilled lizards
  10 goblins
  3 goblin skeletons (D:11)
  4 goblin zombies (D:11)
  A hobgoblin skeleton (D:11)
  2 hobgoblin zombies (D:11)
  12 kobolds
  5 orc skeletons (D:11)
  10 orc zombies (D:11)
  A quokka skeleton (D:7)
  13 rats
  4 fungi
  4 plants
1093 creatures vanquished.

Vanquished Creatures (others)
  3 cyclopes
  2 fauns
  An ice devil (IceCv)
  A yaktaur (D:13)
  A water elemental (Shoals:2)
  6 centaurs
  2 orc priests
  A kobold (D:3)
  A fungus (D:10)
  28 plants
46 creatures vanquished.

Grand Total: 1139 creatures vanquished

Notes
Turn   | Place    | Note
-------+----------+-------------------------------------------
     0 | D:1      | Peloso the Minotaur Fighter began the quest for the Orb.
     0 | D:1      | Reached XP level 1. HP: 19/19 MP: 0/0
    43 | D:1      | Reached XP level 2. HP: 24/27 MP: 1/1
   141 | D:1      | Reached skill level 4 in Shields
   521 | D:2      | Reached XP level 3. HP: 30/33 MP: 2/2
   690 | D:2      | Reached XP level 4. HP: 38/41 MP: 3/3
  1242 | D:4      | Reached XP level 5. HP: 47/47 MP: 4/4
  1256 | D:4      | Reached skill level 5 in Shields
  1449 | D:4      | Noticed an ogre
  1454 | D:4      | Killed an ogre
  1454 | D:4      | Reached XP level 6. HP: 54/55 MP: 5/5
  1496 | D:4      | Reached skill level 5 in Fighting
  1496 | D:4      | Reached skill level 5 in Long Blades
  1496 | D:4      | Reached skill level 1 in Dodging
  1826 | D:5      | Entered Level 5 of the Dungeon
  1886 | D:5      | Found a bloodstained altar of Trog.
  1986 | D:5      | Found a sparkling altar of Nemelex Xobeh.
  2053 | D:5      | Reached skill level 5 in Armour
  2077 | D:5      | Reached skill level 6 in Shields
  2077 | D:5      | Reached XP level 7. HP: 55/61 MP: 6/6
  2908 | D:6      | Found a bloodstained altar of Trog.
  2908 | D:6      | Found an opulent altar of Gozag.
  2908 | D:6      | Found a burning altar of Makhleb.
  2968 | D:6      | Found a sacrificial altar of Ru.
  3180 | D:6      | Reached skill level 7 in Shields
  3491 | D:6      | Found a staircase to the Ecumenical Temple.
  3500 | Temple   | Entered the Ecumenical Temple
  3509 | Temple   | Became a worshipper of Warmaster Okawaru
  3685 | D:6      | Reached skill level 1 in Stealth
  3685 | D:6      | Reached XP level 8. HP: 69/69 MP: 7/7
  4641 | D:7      | Found Lofasitt's Assorted Antiques.
  4658 | D:7      | Reached * piety under Okawaru
  4939 | D:7      | Noticed a hippogriff
  4947 | D:7      | Killed a hippogriff
  4995 | D:7      | Found a snail-covered altar of Cheibriados.
  5096 | D:7      | Found a radiant altar of Vehumet.
  5493 | D:8      | Noticed a hornet
  5506 | D:8      | Killed a hornet
  5506 | D:8      | Reached skill level 8 in Shields
  5506 | D:8      | Reached XP level 9. HP: 62/78 MP: 8/8
  5600 | D:8      | Reached ** piety under Okawaru
  5759 | D:8      | Paralysed by a hornet for 2 turns
  5767 | D:8      | Reached skill level 9 in Shields
  5954 | D:9      | Reached *** piety under Okawaru
  5984 | D:9      | Noticed a queen bee
  5989 | D:9      | Reached skill level 10 in Long Blades
  5999 | D:9      | Killed a queen bee
  6013 | D:9      | Reached skill level 10 in Shields
  6055 | D:9      | Reached XP level 10. HP: 55/86 MP: 9/9
  6950 | D:9      | Found an ancient bone altar of Kikubaaqudgha.
  7058 | D:10     | Entered Level 10 of the Dungeon
  7106 | D:10     | Noticed an elephant
  7401 | D:10     | Killed an elephant
  7401 | D:10     | Reached **** piety under Okawaru
  7623 | D:10     | Found a staircase to the Lair.
  7781 | D:10     | Reached skill level 11 in Shields
  7977 | D:10     | Noticed a two-headed ogre
  7988 | D:10     | Killed a two-headed ogre
  7988 | D:10     | Reached ***** piety under Okawaru
  7988 | D:10     | Reached skill level 1 in Invocations
  8024 | D:10     | Noticed a gargoyle
  8031 | D:10     | Killed a gargoyle
  8133 | D:10     | Noticed a two-headed ogre
  8140 | D:10     | Killed a two-headed ogre
  8140 | D:10     | Received a gift from Okawaru
  8140 | D:10     | Reached XP level 11. HP: 66/95 MP: 10/10
  8145 | D:10     | Got an encrusted double sword {god gift}
  8146 | D:10     | Identified the +5 double sword of the Chickpea {vamp, MR-
                  | Int+3 Dex+10} (Okawaru gifted it to you on level 10 of the
                  | Dungeon)
  8222 | D:8      | Found a runed translucent gate.
  8223 | D:8      | Found a runed translucent gate.
  8223 | D:8      | Found a runed translucent gate.
  8224 | D:8      | Noticed bmj180's ghost (novice GrEE)
  8263 | D:8      | Killed bmj180's ghost
  8443 | D:8      | Noticed a deep elf mage
  8451 | D:8      | Killed a deep elf mage
  9040 | D:11     | Reached skill level 12 in Shields
  9273 | D:11     | Found a staircase to the Orcish Mines.
  9295 | D:11     | Found a shimmering blue altar of Sif Muna.
  9630 | D:11     | Killed an unseen horror
  9816 | D:12     | Reached skill level 10 in Armour
  9817 | D:12     | Reached ****** piety under Okawaru
  9927 | D:12     | Reached skill level 10 in Fighting
 10371 | Lair:1   | Entered Level 1 of the Lair of Beasts
 10373 | Lair:1   | Noticed opiumtea's ghost (journeyman MfSk)
 10377 | Lair:1   | Found a runed translucent door.
 10449 | Lair:1   | Reached XP level 12. HP: 98/106 MP: 11/11
 10676 | Lair:1   | Received a gift from Okawaru
 10898 | Lair:1   | Noticed Urug
 10907 | Lair:1   | Killed Urug
 11623 | Lair:2   | Reached skill level 13 in Shields
 11638 | Lair:2   | Noticed a seven-headed hydra
 11645 | Lair:2   | Killed an 11-headed hydra
 11849 | Lair:2   | Found a staircase to the Shoals.
 12151 | Lair:3   | Noticed a seven-headed hydra
 12159 | Lair:3   | Killed a 12-headed hydra
 12352 | Lair:3   | Noticed a queen ant
 12375 | Lair:3   | Killed a queen ant
 12380 | Lair:3   | Reached skill level 15 in Long Blades
 12663 | Lair:3   | Reached XP level 13. HP: 115/115 MP: 14/14
 13386 | Lair:4   | Received a gift from Okawaru
 13389 | Lair:4   | Found a staircase to the Snake Pit.
 13398 | Lair:4   | Reached skill level 14 in Shields
 14184 | Lair:4   | Received a gift from Okawaru
 14983 | Lair:5   | Found a staircase to the Slime Pits.
 15138 | Lair:5   | Reached skill level 15 in Shields
 15263 | Lair:5   | Received a gift from Okawaru
 15807 | D:13     | Noticed Jorgrun
 15829 | D:13     | Killed Jorgrun
 16055 | D:13     | Received a gift from Okawaru
 16074 | D:13     | Reached XP level 14. HP: 126/126 MP: 13/15
 16122 | D:13     | Got a pair of ancient boots {god gift}
 16133 | D:13     | Identified the +0 pair of boots of Summer {*Drain rN++
                  | Str+4} (Okawaru gifted it to you on level 13 of the
                  | Dungeon)
 16201 | D:13     | Found a gate to the Vaults.
 16652 | D:14     | Got a vibrating brass ring
 16655 | D:14     | Identified the ring of the Final Decision {rF- rC+++ rN+
                  | Str+3} (You found it on level 14 of the Dungeon)
 16707 | D:14     | Reached skill level 16 in Shields
 17746 | D:14     | Found an opulent altar of Gozag.
 17988 | Orc:1    | Entered Level 1 of the Orcish Mines
 17992 | Orc:1    | Found a roughly hewn altar of Beogh.
 18176 | Orc:2    | Entered Level 2 of the Orcish Mines
 18376 | Orc:2    | Noticed an orc warlord
 18394 | Orc:2    | Killed an orc warlord
 18394 | Orc:2    | Received a gift from Okawaru
 18400 | Orc:2    | Paralysed by an orc sorcerer for 6 turns
 18465 | Orc:2    | Found a staircase to the Elven Halls.
 18583 | Orc:2    | Noticed an orc warlord
 18604 | Orc:2    | Killed an orc warlord
 18604 | Orc:2    | Reached skill level 17 in Shields
 18694 | Orc:2    | Found Vuyphotu's Magic Scroll Emporium.
 18717 | Orc:2    | Found Ykhum's Magic Scroll Shoppe.
 19151 | Orc:2    | Bought a scroll of magic mapping for 49 gold pieces
 19151 | Orc:2    | Bought a scroll of noise for 14 gold pieces
 19151 | Orc:2    | Bought a scroll of identify for 28 gold pieces
 19153 | Orc:2    | Bought a scroll of acquirement for 624 gold pieces
 19153 | Orc:2    | Bought a scroll of enchant weapon for 90 gold pieces
 19153 | Orc:2    | Bought a scroll of blinking for 90 gold pieces
 19761 | Orc:2    | Paralysed by an orc sorcerer for 2 turns
 20104 | Orc:2    | Reached XP level 15. HP: 136/136 MP: 16/16
 20386 | Orc:2    | Received a gift from Okawaru
 20390 | Orc:2    | Got an ancient double sword {god gift}
 20391 | Orc:2    | Identified the +2 double sword "Acarine's Curse" {flame,
                  | Int+5} (Okawaru gifted it to you on level 2 of the Orcish
                  | Mines)
 20810 | Orc:2    | Found Hoqaucy's Antique Weapon Shop.
 20810 | Orc:2    | Found Lahomuh's Gadget Boutique.
 20810 | Orc:2    | Found a one-way gate leading to the halls of Pandemonium.
 21437 | D:15     | Entered Level 15 of the Dungeon
 21556 | D:15     | Found a shattered altar of Ashenzari.
 21578 | D:15     | Reached skill level 18 in Shields
 22184 | D:15     | Received a gift from Okawaru
 22195 | D:15     | Found a staircase to the Depths.
 22547 | Orc:2    | Bought a scroll of identify for 24 gold pieces
 22547 | Orc:2    | Bought a scroll of identify for 24 gold pieces
 22547 | Orc:2    | Bought a scroll of identify for 24 gold pieces
 22547 | Orc:2    | Bought a scroll of identify for 24 gold pieces
 22547 | Orc:2    | Bought a scroll of silence for 90 gold pieces
 22750 | Lair:6   | Entered Level 6 of the Lair of Beasts
 23166 | Lair:6   | Reached skill level 19 in Shields
 23185 | Lair:6   | Reached XP level 16. HP: 146/147 MP: 17/17
 23611 | Lair:6   | Got a translucent short sword
 23612 | Lair:6   | Identified the +4 short sword of Animal Spirits {freeze,
                  | Int+5 Stlth+} (You found it on level 6 of the Lair of
                  | Beasts)
 24212 | Shoals:1 | Entered Level 1 of the Shoals
 24572 | Shoals:1 | Received a gift from Okawaru
 24950 | Shoals:1 | Reached skill level 15 in Fighting
 25326 | Shoals:2 | Found a runed translucent gate.
 25326 | Shoals:2 | Found a runed translucent gate.
 25326 | Shoals:2 | Found a runed translucent gate.
 25326 | Shoals:2 | Noticed Peloso's ghost (adept MiFi)
 25348 | Shoals:2 | Reached skill level 20 in Shields
 26212 | Shoals:2 | Received a gift from Okawaru
 26215 | Shoals:2 | Got a fine steel ring
 26219 | Shoals:2 | Identified the ring of Akuadont {Fire MR++ MP-9 Int+3} (You
                  | found it on level 2 of the Shoals)
 26442 | Shoals:2 | Killed Peloso's ghost
 26841 | Shoals:3 | Found a frozen archway.
 26851 | IceCv    | Entered an ice cave
 27386 | IceCv    | Reached XP level 17. HP: 77/156 MP: 18/18
 27895 | Shoals:3 | Found Bisecwuq's Antique Armour Shoppe.
 27919 | Shoals:3 | Bought a brightly glowing plate armour for 980 gold pieces
 27931 | Shoals:3 | Identified the cursed +1 plate armour of Neteor {*Slow
                  | +Blink +Inv MP+9} (You bought it in a shop on level 3 of
                  | the Shoals)
 27985 | Shoals:3 | Reached skill level 21 in Shields
 28017 | Shoals:3 | Received a gift from Okawaru
 28066 | Shoals:3 | Got a crude lajatang
 28170 | Shoals:3 | Found a sacrificial altar of Ru.
 28837 | Shoals:4 | Entered Level 4 of the Shoals
 28852 | Shoals:4 | Received a gift from Okawaru
 28863 | Shoals:4 | HP: 3/156 [merfolk impaler/+5 trident of piercing (6)]
 28863 | Shoals:4 | HP: 1/156 [merfolk impaler/+5 trident of piercing (2)]
 28863 | Shoals:4 | Mangled by a merfolk impaler

Levels and vault maps discovered:
D:1:      eino_arrival_water_cross, layout_rooms, minmay_misc_feat_square
D:2:      layout_basic, first_ration, minmay_between
D:3:      layout_basic, minmay_fractal_squares_gapless_5
D:4:      layout_loops_ring
D:5:      layout_loops_cross, basic_altar, bloody_trog
D:6:      layout_basic, nicolae_ru_great_annihilating_truth,
          chequers_temple_overflow_statue_of_worship,
          minmay_temple_entry_drinking_statues
D:7:      layout_basic, kennysheep_mini, serial_shops, nicolae_shop_crystal,
          cheibriados_altar_1
D:8:      minmay_the_grid_triangle_9x9_recursive_2
          [minmay_the_grid_triangle_9x9_prize_schism,
          minmay_the_grid_triangle_9x9_checkered,
          minmay_the_grid_triangle_9x9_intruding_spiral,
          minmay_the_grid_triangle_9x9_warning], layout_loops_cross,
          gammafunk_ghost_split
D:9:      layout_long_grid, nicolae_overflow_hidden_temple, david_nohive_1
D:10:     layout_loops_ring, david_lair_generic
D:11:     layout_gridville, zombieorc2_lemuel, basic_altar
D:12:     layout_small_grid
D:13:     layout_gridville, hangedman_vaults_entry_quadrant_bands,
          palyth_stone_intersect, uniq_jorgrun
D:14:     layout_long_grid, nicolae_gozag_cash_rules_everything_around_me,
          kennysheep_four_rooms
D:15:     gammafunk_enter_depths_forms, layout_rooms, evilmike_ruin_ashenzari,
          drop_trap
Temple:   compressed_dpeg_circular_temple
Lair:1:   layout_loops_ring, hellmonk_ghost_happy_afterlife, patterned_corridor,
          uniq_urug
Lair:2:   layout_gridlike, elwin_shoals_entry_rooms, grunt_megastairs_1
Lair:3:   layout_chaotic_city, zaba_anthell, infiniplex_staircase_pool_2,
          lemuel_fruit_tree, grunt_megastairs_2
Lair:4:   layout_hall_layers, minmay_snake_entry_guardpost_small, special_room
          [special_room_bee], serial_bayou_shore_a
Lair:5:   layout_long_grid, minmay_slime_entry_pillars,
          chequers_serial_rivers_micro_a
Lair:6:   minmay_lair_end_frog_pond, layout_cave_shapes
Shoals:1: layout_shoals
Shoals:2: layout_shoals, gammafunk_ghost_split, nicolae_shoals_this_corrosion
Shoals:3: cheibrodos_shoals_three_sisters, layout_shoals, serial_shops, shop,
          portal_ice_cave_entry_pillars_1, lemuel_centaur_altar
Shoals:4: shoals_end_simple, layout_shoals
Orc:1:    layout_diamond_mine, basic_altar, statue_in_the_mist_lemuel
Orc:2:    pf_orc_diabolical, layout_caves

Skill      XL: |  1  2  3  4  5  6  7  8  9 10 11 12 13 14 15 16 17 |
---------------+----------------------------------------------------+-----
Fighting       | 4 5 6 7 8 10 12 13 14 15 | 15.5
Shields        | 4 5 6 7 8 10 11 12 13 15 17 19 20 21 | 21.4
Long Blades    | 3 4 5 6 8 10 11 13 15 16 17 18 | 18.6
Armour         | 4 5 6 8 9 10 12 13 14 | 14.9
Dodging        | 1 2 3 4 |  4.8
Stealth        | 1 2 |  2.0
Invocations    | 1 2 |  2.8
Evocations     | |  0.6

Action                   |  1- 3 |  4- 6 |  7- 9 | 10-12 | 13-15 | 16-18 || total
-------------------------+-------+-------+-------+-------+-------+-------++-------
Melee: Long sword        |    83 |   158 |   460 |   134 |       |       ||   835
       Headbutt          |    11 |    33 |    91 |   227 |   418 |   217 ||   997
       Scimitar          |       |       |       |    54 |       |       ||    54
       Double sword      |       |       |       |   471 |  1137 |   666 ||  2274
Invok: Heroism           |       |       |     4 |     6 |     5 |     1 ||    16
       Finesse           |       |       |       |     2 |       |       ||     2
Evoke: Wand              |       |       |       |     8 |       |       ||     8
  Use: Potion            |     3 |     1 |     3 |       |     1 |     1 ||     9
       Scroll            |       |       |     7 |     7 |    10 |     6 ||    30
 Stab: Invisible         |       |       |     1 |       |       |       ||     1
       Paralysed         |       |       |     1 |       |       |       ||     1
  Eat: Chunk             |       |     3 |    11 |    19 |    31 |    16 ||    80
       Ration            |       |       |     1 |     1 |     1 |     1 ||     4
Armor: Scale mail        |    48 |    41 |       |       |       |       ||    89
       Chain mail        |       |    23 |    44 |       |       |       ||    67
       Plate armour      |       |       |   155 |   192 |   402 |   272 ||  1021
Dodge: Dodged            |    32 |    36 |    81 |   129 |   468 |   238 ||   984
Block: Shield            |    55 |    84 |   341 |   503 |  1319 |   146 ||  2448
       Reflection        |       |       |     5 |    10 |    49 |   122 ||   186
       Large shield      |       |       |       |       |       |   967 ||   967
       Rpst.: Long sword |     9 |    10 |    30 |     2 |       |       ||    51
       Scimitar          |       |       |       |     2 |       |       ||     2
       Double sword      |       |       |       |    25 |   109 |    27 ||   161

Table legend:
 A = Non-vault XP
 B = Vault XP
 C = Vault XP percentage of total XP
 D = Non-vault monster count
 E = Vault monster count
 F = Vault count percentage of total count
                 A         B        C        D         E       F
            +---------+---------+-------+---------+---------+-------
      Total |  147920 |   88685 |  37.5 |     704 |     395 |  35.9
            +---------+---------+-------+---------+---------+-------
        D:1 |      34 |       0 |   0.0 |      21 |       0 |   0.0
        D:2 |      76 |      17 |  18.3 |      22 |       4 |  15.4
        D:3 |      52 |       6 |  10.3 |      26 |       4 |  13.3
        D:4 |     385 |       0 |   0.0 |      14 |       0 |   0.0
        D:5 |     367 |       0 |   0.0 |      13 |       0 |   0.0
        D:6 |     631 |      18 |   2.8 |      27 |       4 |  12.9
        D:7 |    1031 |       0 |   0.0 |      23 |       0 |   0.0
        D:8 |    1578 |    3629 |  69.7 |      29 |      16 |  35.6
        D:9 |     842 |     977 |  53.7 |      17 |      12 |  41.4
       D:10 |    4625 |    1074 |  18.8 |      30 |       4 |  11.8
       D:11 |    2728 |     853 |  23.8 |      13 |      36 |  73.5
       D:12 |    2240 |       0 |   0.0 |      20 |       0 |   0.0
       D:13 |    2710 |   10419 |  79.4 |      15 |      19 |  55.9
       D:14 |   10946 |    1655 |  13.1 |      36 |       5 |  12.2
       D:15 |   15557 |    3598 |  18.8 |      56 |      13 |  18.8
     Lair:1 |    3937 |     811 |  17.1 |      18 |       1 |   5.3
     Lair:2 |    1863 |    1103 |  37.2 |       9 |       2 |  18.2
     Lair:3 |    6957 |    4268 |  38.0 |      28 |      45 |  61.6
     Lair:4 |    7684 |    3304 |  30.1 |      34 |      31 |  47.7
     Lair:5 |    8650 |     970 |  10.1 |      29 |       5 |  14.7
     Lair:6 |   12294 |   11932 |  49.3 |      37 |      46 |  55.4
   Shoals:1 |   22145 |       0 |   0.0 |      43 |       0 |   0.0
   Shoals:2 |   16110 |    6266 |  28.0 |      36 |       9 |  20.0
   Shoals:3 |    8247 |   10152 |  55.2 |      15 |      17 |  53.1
   Shoals:4 |    2434 |     562 |  18.8 |       5 |       1 |  16.7
      Orc:1 |    1739 |       0 |   0.0 |      27 |       0 |   0.0
      Orc:2 |   12058 |   16947 |  58.4 |      61 |      61 |  50.0
      IceCv |       0 |   10124 | 100.0 |       0 |      60 | 100.0
            +---------+---------+-------+---------+---------+-------
